[Event "Titled Tuesday Blitz May 24 Late 2022"]
[White "Estrada Nieto, Julian"]
[Black "Bonte, Andrei-Mihai"]
[WhiteFideId "5101018"]
[BlackFideId "1210297"]
[WhiteElo "2252"]
[BlackElo "2192"]
[Result "1-0"]
[Round "10"]
[TimeControl "180+1"]
[Date "2022.05.25"]
[WhiteClock "0:00:20"]
[BlackClock "0:00:21"]

1. e4 c6 2. d4 d5 3. Nc3 dxe4 4. Nxe4 Nf6 5. Nxf6+ exf6 6. c3 Bd6 7. Bd3 O-O 8. Ne2 Re8 9. Qc2 h6 10. O-O Qc7 11. Ng3 Nd7 12. Bd2 Nb6 13. c4 c5 14. d5 Be5 15. Rae1 Bd7 16. b3 Nc8 17. Kh1 Nd6 18. f4 Bd4 19. Bc3 Bxc3 20. Qxc3 f5 21. h3 f6 22. Qc2 g6 23. Qc3 Kf7 24. a4 a5 25. Qd2 h5 26. Rxe8 Rxe8 27. Re1 Rh8 28. Nf1 h4 29. Qf2 b6 30. Nd2 g5 31. fxg5 fxg5 32. Nf3 Kf6 33. Qe3 Nf7 34. Qe7+ Kg7 35. Nxg5 Rf8 36. Ne6+ Bxe6 37. Qxc7 Bxd5 38. cxd5 1-0


[Site "https://www.chess.com"]

[Event "Titled Tuesday Blitz May 24 Late 2022"]
[White "Ezat, Mohamed"]
[Black "Riehle, Marco"]
[WhiteFideId "10600906"]
[BlackFideId "12904392"]
[WhiteElo "2386"]
[BlackElo "2462"]
[Result "0-1"]
[Round "10"]
[TimeControl "180+1"]
[Date "2022.05.24"]
[WhiteClock "0:00:32"]
[BlackClock "0:01:59"]

1. d4 d5 2. c4 e6 3. Nc3 c5 4. cxd5 cxd4 5. Qxd4 Nc6 6. Qd1 exd5 7. e3 Nf6 8. Nf3 Bd6 9. Be2 O-O 10. O-O Bg4 11. h3 Bh5 12. b3 Rc8 13. Bb2 Bb8 14. Nb5 a6 15. Nbd4 Qc7 16. Rc1 Rfd8 17. g3 Ne4 18. Nxc6 bxc6 19. Be5 Qb6 20. Bxb8 Rxb8 21. Nd4 Bxe2 22. Qxe2 c5 23. Nf5 Qf6 24. Nh4 Nc3 25. Qg4 d4 26. exd4 cxd4 27. Nf5 d3 28. Nh6+ Kf8 29. Nxf7 Ne2+ 30. Kh2 Qxf7 31. Rc6 Kg8 32. Rxa6 Rbc8 33. Rd6 Rf8 34. Rxd3 Qxf2+ 35. Rxf2 Rxf2+ 36. Kh1 Rc1+ 37. Rd1 Rxd1# 0-1


[Site "https://www.chess.com"]

[Event "Titled Tuesday Blitz May 24 Late 2022"]
[White "Francisco Guecamburu, Candela Be"]
[Black "Taboas Rodriguez, Daniel"]
[WhiteFideId "160911"]
[BlackFideId "2208466"]
[WhiteElo "1847"]
[BlackElo "2429"]
[Result "1-0"]
[Round "10"]
[TimeControl "180+1"]
[Date "2022.05.24"]
[WhiteClock "0:00:59"]
[BlackClock "0:00:20"]

1. e4 e6 2. d4 d5 3. Nc3 Nc6 4. e5 f6 5. f4 fxe5 6. dxe5 Bc5 7. Nf3 Nh6 8. Na4 Be7 9. Be3 O-O 10. g3 Bd7 11. Nc5 Nf5 12. Bf2 d4 13. Nxd7 Qxd7 14. c3 Rad8 15. Bg2 dxc3 16. Qxd7 Rxd7 17. bxc3 Ba3 18. Ke2 Bb2 19. Rab1 Bxc3 20. Rxb7 Rfd8 21. g4 Nfd4+ 22. Nxd4 Nxd4+ 23. Kd3 Ba5 24. Kc4 Bb6 25. Rd1 Ne2 26. Rxd7 Rxd7 27. Rb8+ Kf7 28. Bc6 Rd2 29. Be8+ Ke7 30. Bh4+ Kf8 31. Bg6+ 1-0


[Site "https://www.chess.com"]

[Event "Titled Tuesday Blitz May 24 Late 2022"]
[White "Golubev, Mikhail"]
[Black "Meunier-Pion, Jean"]
[WhiteFideId "14100983"]
[BlackFideId "20685327"]
[WhiteElo "2374"]
[BlackElo "2124"]
[Result "0-1"]
[Round "10"]
[TimeControl "180+1"]
[Date "2022.05.25"]
[WhiteClock "0:00:02"]
[BlackClock "0:00:02"]

1. e4 c5 2. Nf3 d6 3. d4 cxd4 4. Nxd4 Nf6 5. Nc3 a6 6. Bc4 e6 7. O-O Be7 8. Bb3 b5 9. f4 Qc7 10. f5 e5 11. Nde2 Bb7 12. Bg5 Nbd7 13. Bxf6 Nxf6 14. a3 Rc8 15. Qd3 h5 16. Rad1 Qc5+ 17. Kh1 Ng4 18. Qg3 Bf6 19. Rf3 a5 20. Bd5 Ba6 21. b4 axb4 22. axb4 Qxb4 23. h3 Qc5 24. Ra1 Qb6 25. Nd1 b4 26. Ng1 Rxc2 27. Rb3 Ke7 28. Nf3 Be2 29. hxg4 hxg4+ 30. Nh2 Bh4 31. Qe3 Qxe3 32. Nxe3 Bf2 33. g3 Bf3+ 34. Ng2 Bxg3 35. Ra7+ Kf6 36. Rxf7+ Kg5 37. Rxg7+ Kf6 38. Rg6+ Ke7 39. Rg7+ Kd8 0-1


[Site "https://www.chess.com"]

[Event "Titled Tuesday Blitz May 24 Late 2022"]
[White "Gomez Dieguez, David"]
[Black "Jarocka, Liwia"]
[WhiteFideId "22223630"]
[BlackFideId "21807558"]
[WhiteElo "2115"]
[BlackElo "1887"]
[Result "0-1"]
[Round "10"]
[TimeControl "180+1"]
[Date "2022.05.25"]
[WhiteClock "0:00:07"]
[BlackClock "0:00:15"]

1. c4 c5 2. Nf3 Nc6 3. e3 Nf6 4. Nc3 d5 5. cxd5 Nxd5 6. Bb5 Nxc3 7. bxc3 Bd7 8. O-O a6 9. Bxc6 Bxc6 10. d4 e6 11. Ne5 Rc8 12. Rb1 b5 13. a4 b4 14. Nxc6 Rxc6 15. cxb4 cxb4 16. Bb2 Be7 17. Qf3 Rc2 18. Qb7 O-O 19. Qxa6 Qd5 20. Qd3 Rfc8 21. e4 Qa2 22. Ba1 Qxa4 23. d5 exd5 24. exd5 Bf8 25. g3 Qd7 26. Rfd1 h6 27. Qd4 R2c4 28. Qe5 Qd6 29. Qxd6 Bxd6 30. Rd3 R8c5 31. Kg2 Rb5 32. Kf3 Kh7 33. Ke2 Rcc5 34. Rbd1 b3 35. Bb2 Rc2+ 36. R1d2 Rc4 37. Kd1 Kg6 38. f4 f6 39. Rd4 Rcc5 40. R4d3 Rc4 41. Rd4 Rxd4 42. Rxd4 Kf7 43. Kd2 Bb4+ 44. Kd3 Bc5 45. Rc4 Ke7 46. Ra4 Kd6 47. Kc4 Rb6 48. Ra5 Bb4 49. Rb5 Rxb5 50. Kxb5 Bc5 51. Kc4 Bg1 52. h3 Bh2 53. g4 Bxf4 54. Kxb3 Kxd5 55. Kc2 Be5 56. Bc1 Ke4 57. Kd1 Kf3 58. Ke1 Kg3 59. Ke2 Kxh3 60. Kf3 Kh4 61. Ba3 g5 62. Bf8 h5 63. gxh5 Kxh5 64. Be7 Kg6 65. Kg4 f5+ 66. Kf3 g4+ 67. Kg2 Bf6 68. Bd6 Bg5 69. Kg3 Bh6 70. Bc7 Bg7 71. Bd6 Bc3 72. Kf4 Bd2+ 73. Kg3 Kg5 74. Be7+ Kh5 75. Bd6 Bg5 76. Bf8 f4+ 77. Kg2 f3+ 78. Kg3 Bh4+ 79. Kh2 Be1 80. Bc5 g3+ 81. Kg1 Kg4 82. Kf1 Bc3 83. Bd6 Bd4 84. Bc7 g2+ 85. Ke1 g1=Q+ 86. Kd2 Qe3+ 0-1


[Site "https://www.chess.com"]

[Event "Titled Tuesday Blitz May 24 Late 2022"]
[White "Griffith, Kyron"]
[Black "Kamsky, Gata"]
[WhiteFideId "2046318"]
[BlackFideId "2000024"]
[WhiteElo "2232"]
[BlackElo "2645"]
[Result "0-1"]
[Round "10"]
[TimeControl "180+1"]
[Date "2022.05.24"]
[WhiteClock "0:00:03"]
[BlackClock "0:00:23"]

1. e4 e5 2. Nf3 Nc6 3. Bb5 a6 4. Ba4 Nf6 5. O-O Be7 6. d3 b5 7. Bb3 d6 8. a3 O-O 9. Nc3 Be6 10. Nd5 Na5 11. Nxf6+ Bxf6 12. Bxe6 fxe6 13. b4 Nc6 14. c3 Kh8 15. a4 Qd7 16. Be3 Be7 17. Qb3 d5 18. Rfe1 h6 19. exd5 exd5 20. axb5 axb5 21. Rxa8 Rxa8 22. Bd2 Bf6 23. Be3 Re8 24. Bc5 e4 25. dxe4 dxe4 26. Nd4 Nxd4 27. cxd4 c6 28. Qe3 Bg5 29. Qg3 Qd5 30. h3 Re6 31. Qg4 Kh7 32. Kh1 Bd8 33. Qf4 Bg5 34. Qg4 e3 35. fxe3 Rxe3 36. Rxe3 Bxe3 37. Kh2 h5 38. Qf3 Qxf3 39. gxf3 Bf4+ 40. Kg2 Kg6 41. Kf2 Kf5 42. Ke2 Bg5 43. Bd6 Ke6 44. Bc5 Bf6 45. Ke3 Kf5 46. Bd6 Bg5+ 47. Kd3 g6 48. Bc7 Be7 49. Kc3 Ke6 50. Be5 Kd5 51. Bg7 Bd6 52. Bh8 Ke6 53. Bg7 Kf5 54. Bh6 g5 55. Kb3 Kg6 0-1


[Site "https://www.chess.com"]

[Event "Titled Tuesday Blitz May 24 Late 2022"]
[White "Grischuk, Alexander"]
[Black "Terry, Renato"]
[WhiteFideId "4126025"]
[BlackFideId "3803457"]
[WhiteElo "2762"]
[BlackElo "2577"]
[Result "1-0"]
[Round "10"]
[TimeControl "180+1"]
[Date "2022.05.24"]
[WhiteClock "0:00:05"]
[BlackClock "0:00:03"]

1. d4 d5 2. c4 dxc4 3. Nf3 Nf6 4. e3 e6 5. Bxc4 a6 6. O-O c5 7. Nbd2 Nc6 8. dxc5 Bxc5 9. a3 O-O 10. b4 Bd6 11. Bb2 Qe7 12. Qc2 Bd7 13. Bxf6 gxf6 14. Ne4 Bc7 15. Nc5 Bc8 16. Bd3 f5 17. Rac1 Ne5 18. Be2 Bd6 19. Nxe5 Bxe5 20. Bf3 Rb8 21. Rfd1 Rd8 22. Rxd8+ Qxd8 23. g3 b6 24. Nd3 Bd6 25. Qc4 a5 26. Qd4 Ba6 27. Ne5 Bb5 28. Rd1 Bc7 29. Nd7 Qxd7 30. Qxd7 Bxd7 31. Rxd7 Be5 32. Bh5 Rf8 33. Rb7 axb4 34. axb4 Kg7 35. Kg2 Kf6 36. h3 Kg7 37. g4 fxg4 38. hxg4 h6 39. f4 Bf6 40. Rxb6 Re8 41. Kf3 e5 42. b5 exf4 43. exf4 Re7 44. Rd6 Rb7 45. Rd5 Be7 46. Ke4 Bb4 47. Rf5 Ba5 48. Kd4 Rd7+ 49. Kc5 Rc7+ 50. Kd6 Bb6 51. Rd5 Ba5 52. Rc5 Rb7 53. Kc6 Rb6+ 54. Kd5 Rf6 55. f5 Rb6 56. Kc4 Rb7 57. Rc6 Bb6 58. f6+ Kh7 59. Bxf7 Rxf7 60. Rxb6 Kg6 61. Rc6 Kg5 62. b6 Kxg4 63. Kb5 h5 64. Ka6 h4 65. b7 Rf8 66. Ka7 h3 67. b8=Q 1-0


[Site "https://www.chess.com"]

[Event "Titled Tuesday Blitz May 24 Late 2022"]
[White "Halak, Miklos"]
[Black "Kosteniuk, Alexandra"]
[WhiteFideId "726400"]
[BlackFideId "4128125"]
[WhiteElo "2197"]
[BlackElo "2469"]
[Result "0-1"]
[Round "10"]
[TimeControl "180+1"]
[Date "2022.05.25"]
[WhiteClock "0:00:10"]
[BlackClock "0:00:10"]

1. e4 c6 2. d4 d5 3. Nd2 dxe4 4. Nxe4 Nf6 5. Nxf6+ exf6 6. c3 Bd6 7. Bd3 O-O 8. Qc2 Re8+ 9. Ne2 h5 10. O-O h4 11. Nf4 Qc7 12. g3 Nd7 13. Bh7+ Kf8 14. Bf5 Kg8 15. Bh7+ Kf8 16. Bf5 Nb6 17. Bxc8 Qxc8 18. Qh7 Qg4 19. Bd2 Bxf4 20. Bxf4 Ke7 21. f3 Qg6 22. Qxh4 Rh8 23. Rae1+ Kd7 24. Qg4+ Qxg4 25. fxg4 Nd5 26. c4 Ne7 27. Re2 Rh3 28. Rfe1 Ng6 29. Bd2 Rah8 30. b4 Rd8 31. Bc3 Rdh8 32. b5 cxb5 33. cxb5 Rc8 34. Re3 Rhh8 35. Rf1 Ne7 36. Rd3 Nd5 37. Bd2 Rhf8 38. Rf5 Ne7 39. Rf1 Nd5 40. Rf5 Ne7 41. Rf1 Rfe8 42. Ra3 Rc2 43. Bb4 Nc8 44. Rc3 Rxc3 45. Bxc3 Re3 46. Bb4 Re4 47. Rd1 Rxg4 48. Bc5 b6 49. Bb4 Re4 50. Kf2 f5 51. Kf3 g5 52. h3 Nd6 53. Bxd6 Kxd6 54. Rd3 Kd5 55. g4 Rf4+ 56. Kg3 fxg4 57. hxg4 Kc4 58. Rd2 Rxd4 59. Rf2 Rd3+ 60. Kg2 Kxb5 61. Rxf7 Rd2+ 62. Kg3 Rxa2 63. Rf5+ Kc4 64. Rxg5 b5 65. Rg7 b4 66. Rb7 b3 67. g5 Ra1 68. Kf4 a5 69. g6 Rg1 70. g7 a4 71. Rc7+ Kb4 72. Rb7+ Ka3 73. Kf3 b2 74. Kf2 Rxg7 75. Rxg7 b1=Q 76. Rg3+ Qb3 77. Rxb3+ axb3 0-1


[Site "https://www.chess.com"]

[Event "Titled Tuesday Blitz May 24 Late 2022"]
[White "Hansen, Eric"]
[Black "Sydoryka, Vladyslav"]
[WhiteFideId "2606771"]
[BlackFideId "14145928"]
[WhiteElo "2568"]
[BlackElo "2283"]
[Result "1-0"]
[Round "10"]
[TimeControl "180+1"]
[Date "2022.05.24"]
[WhiteClock "0:01:55"]
[BlackClock "0:02:13"]

1. d4 Nf6 2. c4 c5 3. d5 e6 4. Nc3 d6 5. e4 g6 6. Bg5 h6 7. Bh4 e5 8. Be2 Be7 9. Bg3 a6 10. a4 Qa5 11. Qc2 Nbd7 12. Ra3 Nf8 13. f4 exf4 14. Bxf4 N6d7 15. Nf3 g5 1-0


[Site "https://www.chess.com"]

[Event "Titled Tuesday Blitz May 24 Late 2022"]
[White "Ibarra Jerez, Jose Carlos"]
[Black "Ronka, Erik"]
[WhiteFideId "2226332"]
[BlackFideId "505080"]
[WhiteElo "2626"]
[BlackElo "2264"]
[Result "1-0"]
[Round "10"]
[TimeControl "180+1"]
[Date "2022.05.24"]
[WhiteClock "0:00:26"]
[BlackClock "0:00:08"]

1. e4 c5 2. Nf3 e6 3. g3 Nc6 4. Bg2 d6 5. O-O Nf6 6. Qe2 Be7 7. c3 O-O 8. d4 d5 9. e5 Nd7 10. Rd1 b6 11. h4 a5 12. Na3 Ba6 13. Nb5 a4 14. c4 Bxb5 15. cxb5 Na7 16. h5 c4 17. a3 Nxb5 18. Nh2 Kh8 19. f4 f5 20. g4 Nc7 21. Bd2 b5 22. Bh3 Rb8 23. Qe1 Rf7 24. gxf5 Rxf5 25. Bxf5 exf5 26. Ba5 Nb6 27. e6 Bf6 28. Qe3 Qd6 29. Re1 Re8 30. Bb4 Qc6 31. e7 Nc8 32. Nf3 h6 33. Ne5 Qb7 34. Ng6+ Kg8 35. Qh3 Na6 36. Qxf5 Nxb4 37. axb4 Qc6 38. Re6 Qd7 39. Rxf6 Qxf5 40. Rxf5 Nd6 41. Rf8+ 1-0


[Site "https://www.chess.com"]

[Event "Titled Tuesday Blitz May 24 Late 2022"]
[White "Jeet, Jain"]
[Black "Miszler, Levente"]
[WhiteFideId "5073022"]
[BlackFideId "763276"]
[WhiteElo "2028"]
[BlackElo "1966"]
[Result "1-0"]
[Round "10"]
[TimeControl "180+1"]
[Date "2022.05.25"]
[WhiteClock "0:01:04"]
[BlackClock "0:00:06"]

1. Nf3 Nf6 2. d4 d5 3. Bf4 e6 4. e3 Bd6 5. Bg3 c5 6. Nbd2 Nc6 7. c3 O-O 8. Ne5 Ne4 9. Nxe4 dxe4 10. Nxc6 bxc6 11. Bxd6 Qxd6 12. dxc5 Qxc5 13. Qc2 Rb8 14. Be2 e5 15. O-O Qd6 16. b3 Qg6 17. Rfd1 f5 18. Bf1 f4 19. exf4 exf4 20. Rd4 Bf5 21. Qd2 Bh3 22. Kh1 Be6 23. Re1 f3 24. g3 Bf5 25. h4 Rbe8 26. Rd6 Qg4 27. Rxc6 e3 28. Rxe3 Rd8 29. Rd6 Rc8 30. Re7 Bg6 31. Rdd7 Bf7 32. Qg5 Qxg5 33. hxg5 Rxc3 34. Kh2 Rc2 35. Rxf7 Rxf7 36. Bc4 Rxc4 37. Rd8+ Rf8 38. Rxf8+ Kxf8 39. bxc4 Ke7 40. g4 Kd6 41. Kg3 Kc5 42. Kxf3 Kxc4 43. Ke4 Kb4 44. f4 Ka3 45. f5 Kxa2 46. f6 gxf6 47. gxf6 a5 48. f7 a4 49. f8=Q a3 50. Qg8+ Kb2 51. Qxh7 1-0


[Site "https://www.chess.com"]

[Event "Titled Tuesday Blitz May 24 Late 2022"]
[White "Joubert, Dantelle"]
[Black "Kohler, Aran"]
[WhiteFideId "14310813"]
[BlackFideId "1002856"]
[WhiteElo "1507"]
[BlackElo "2250"]
[Result "0-1"]
[Round "10"]
[TimeControl "180+1"]
[Date "2022.05.25"]
[WhiteClock "0:00:06"]
[BlackClock "0:00:33"]

1. Nf3 Nf6 2. c4 b5 3. b3 bxc4 4. bxc4 Bb7 5. g3 Bxf3 6. exf3 c5 7. Bg2 Nc6 8. O-O Rb8 9. Nc3 e6 10. d3 Be7 11. Be3 O-O 12. Ne4 Qa5 13. d4 cxd4 14. Bxd4 Nxd4 15. Qxd4 d5 16. cxd5 exd5 17. Nd2 Bc5 18. Qd3 Qa3 19. Nb3 Bb6 20. Rfd1 Rbd8 21. Nd4 Qxd3 22. Rxd3 Bxd4 23. Rxd4 Rd6 24. f4 Rfd8 25. Rb1 g6 26. Rb7 a6 27. Ra7 R8d7 28. Ra8+ Kg7 29. Bf1 Rb7 30. Bxa6 Rb1+ 31. Kg2 Rb2 32. h3 Rxa2 33. Bb7 Rb2 34. Ba6 Ne4 35. h4 Rxf2+ 36. Kh3 h5 37. Bb7 Nf6 38. Bxd5 Rxd5 39. Rxd5 Ng4 40. Ra2 Rxa2 0-1


[Site "https://www.chess.com"]

[Event "Titled Tuesday Blitz May 24 Late 2022"]
[White "Keller, Peter"]
[Black "Diaz Rosas, Julio Cesar"]
[WhiteFideId "1272105"]
[BlackFideId "5105099"]
[WhiteElo "2275"]
[BlackElo "2278"]
[Result "0-1"]
[Round "10"]
[TimeControl "180+1"]
[Date "2022.05.24"]
[WhiteClock "0:00:17"]
[BlackClock "0:00:17"]

1. e4 e5 2. Nf3 Nc6 3. Bc4 Bc5 4. c3 Nf6 5. d3 a5 6. O-O Ba7 7. a4 d6 8. Nbd2 h6 9. Re1 O-O 10. Nf1 Be6 11. Bxe6 fxe6 12. Be3 Kh7 13. Bxa7 Rxa7 14. d4 exd4 15. cxd4 e5 16. Ng3 exd4 17. Nxd4 Qd7 18. Nf3 Raa8 19. Qc2 Ne5 20. Nxe5 dxe5 21. Rad1 Qf7 22. Qc5 g6 23. Qxe5 Ng4 24. Qc5 b6 25. Qc2 Rad8 26. f3 Rxd1 27. Qxd1 Ne5 28. Qd4 Qf6 29. Rd1 h5 30. Ne2 Qe6 31. h3 Rxf3 32. Qd5 Rf6 33. Nf4 Qe7 34. Rc1 Rxf4 0-1


[Site "https://www.chess.com"]

[Event "Titled Tuesday Blitz May 24 Late 2022"]
[White "Keymer, Vincent"]
[Black "Rychagov, Andrey"]
[WhiteFideId "12940690"]
[BlackFideId "4119932"]
[WhiteElo "2548"]
[BlackElo "2500"]
[Result "1-0"]
[Round "10"]
[TimeControl "180+1"]
[Date "2022.05.24"]
[WhiteClock "0:00:44"]
[BlackClock "0:00:25"]

1. Nf3 d5 2. e3 Nf6 3. c4 e6 4. Nc3 Be7 5. b3 O-O 6. Bb2 b6 7. cxd5 Nxd5 8. Nxd5 exd5 9. Be2 Be6 10. O-O c5 11. d4 Nd7 12. Rc1 Bf6 13. h3 Qe7 14. Qd2 Rfc8 15. Ba6 Rc7 16. Rfe1 Nb8 17. Bd3 a5 18. e4 Qd8 19. dxc5 Bxb2 20. Qxb2 Rxc5 21. Rxc5 bxc5 22. exd5 Bxd5 23. Rd1 Ra7 24. Bc4 Rd7 25. Ne5 Rd6 26. Qd2 1-0


[Site "https://www.chess.com"]

[Event "Titled Tuesday Blitz May 24 Late 2022"]
[White "Kobalia, Mikhail"]
[Black "Demchenko, Anton"]
[WhiteFideId "4119150"]
[BlackFideId "4160258"]
[WhiteElo "2667"]
[BlackElo "2539"]
[Result "0-1"]
[Round "10"]
[TimeControl "180+1"]
[Date "2022.05.24"]
[WhiteClock "0:00:47"]
[BlackClock "0:02:11"]

1. e4 e5 2. Nf3 Nc6 3. Bb5 a6 4. Ba4 Nge7 5. c3 Ng6 6. d4 exd4 7. cxd4 Bb4+ 8. Bd2 O-O 9. O-O Bxd2 10. Nbxd2 d5 11. Bxc6 bxc6 12. e5 c5 13. dxc5 f6 14. exf6 Qxf6 15. Nb3 Nf4 16. Nbd4 Bh3 17. Ne1 Rae8 18. gxh3 Qg6+ 19. Kh1 Rxe1 20. Qg4 Qe4+ 21. Nf3 Rxa1 22. Rxa1 h5 0-1


[Site "https://www.chess.com"]

[Event "Titled Tuesday Blitz May 24 Late 2022"]
[White "Korchmar, Vasiliy"]
[Black "Kim, Sergey"]
[WhiteFideId "24131750"]
[BlackFideId "13700570"]
[WhiteElo "2370"]
[BlackElo "2545"]
[Result "1-0"]
[Round "10"]
[TimeControl "180+1"]
[Date "2022.05.24"]
[WhiteClock "0:00:03"]
[BlackClock "0:00:01"]

1. e4 e5 2. Nf3 Nc6 3. Nc3 Nf6 4. h3 g6 5. d4 exd4 6. Nxd4 d6 7. Bg5 h6 8. Bh4 Bg7 9. Bc4 O-O 10. Nxc6 bxc6 11. O-O Rb8 12. Bb3 Qe8 13. Re1 Nd7 14. f4 Nc5 15. f5 g5 16. Bf2 Nxb3 17. axb3 a6 18. Qh5 f6 19. Qf3 Bb7 20. b4 Qf7 21. Ne2 Qc4 22. c3 Rfe8 23. Ng3 Ra8 24. Bd4 a5 25. bxa5 c5 26. Bf2 Bc6 27. Re2 Ra6 28. Qh5 Qf7 29. b4 Qxh5 30. Nxh5 cxb4 31. cxb4 Bb5 32. Rc2 c6 33. Ng3 Bf8 34. Rd2 Kf7 35. Rad1 h5 36. Nxh5 Rxe4 37. Rxd6 Bxd6 38. Rxd6 c5 39. Rd5 Rxb4 40. Rxc5 Bd7 41. Rc7 Rb1+ 42. Kh2 Rd1 43. Bb6 Rd5 44. Ng3 Ke8 45. Ne4 1-0


[Site "https://www.chess.com"]

[Event "Titled Tuesday Blitz May 24 Late 2022"]
[White "Koutlas, Nikolaos"]
[Black "Livaic, Leon"]
[WhiteFideId "25827138"]
[BlackFideId "14531534"]
[WhiteElo "1645"]
[BlackElo "2540"]
[Result "1/2-1/2"]
[Round "10"]
[TimeControl "180+1"]
[Date "2022.05.24"]
[WhiteClock "0:00:04"]
[BlackClock "0:00:49"]

1. e4 c6 2. Nf3 d5 3. exd5 cxd5 4. d4 Nc6 5. Bd3 Bg4 6. c3 e6 7. Bf4 Bd6 8. Bxd6 Qxd6 9. O-O Nge7 10. h3 Bf5 11. Re1 O-O 12. Qc2 Rfc8 13. a3 b5 14. Bxf5 Nxf5 15. Qd3 Rab8 16. Nbd2 a5 17. Nb3 h6 18. Nc5 b4 19. axb4 axb4 20. Ra6 bxc3 21. bxc3 Qc7 22. g4 Nd6 23. Rea1 Nc4 24. Nd2 N6e5 25. dxe5 Qxc5 26. Nxc4 Qxc4 27. Qxc4 Rxc4 28. Ra8 Rxa8 29. Rxa8+ Kh7 30. Ra3 g5 31. f3 Rc7 32. Kf2 Rb7 33. Kg3 Rb2 34. h4 Re2 35. hxg5 hxg5 36. c4 dxc4 37. Rc3 Rxe5 38. Rxc4 Kg6 39. Rc8 Rd5 40. Rg8+ Kf6 41. Rf8 Rd3 42. Ra8 Ke5 43. Rg8 f6 44. Ra8 Rb3 45. Ra5+ Kd4 46. Ra6 Re3 47. Ra8 Rd3 48. Ra5 e5 49. Ra6 e4 50. Ra4+ Kd5 51. Rxe4 Rd1 52. Re8 Rg1+ 53. Kf2 Ra1 54. Kg3 Kd6 55. Re4 Ra5 56. Re3 Ra4 57. Re8 Kd5 58. Rf8 Ke6 59. Rb8 Kf7 60. Rb7+ Kg6 61. Rb6 Ra7 62. Rb5 Rc7 63. Rb6 Rc1 64. Rb5 Rg1+ 65. Kf2 Rd1 66. Kg3 Rd2 67. Rb6 Kf7 68. Rb7+ Ke6 69. Rb6+ Ke5 70. Rb5+ Kd4 71. Rf5 Ke3 72. Rxf6 Ke2 73. Re6+ Kf1 74. Re5 Rg2+ 75. Kh3 Kf2 76. Re2+ Kxe2 77. Kxg2 Kd3 78. Kg3 Ke3 79. Kg2 Ke2 80. Kg3 Ke3 81. Kg2 Ke2 82. Kg3 Ke3 1/2-1/2


[Site "https://www.chess.com"]

[Event "Titled Tuesday Blitz May 24 Late 2022"]
[White "Kruckenhauser, Arthur"]
[Black "Avramidou, Anastasia"]
[WhiteFideId "1642812"]
[BlackFideId "4239873"]
[WhiteElo "2243"]
[BlackElo "2183"]
[Result "0-1"]
[Round "10"]
[TimeControl "180+1"]
[Date "2022.05.24"]
[WhiteClock "0:01:04"]
[BlackClock "0:00:25"]

1. Nf3 Nf6 2. c4 g6 3. Nc3 Bg7 4. e4 O-O 5. d4 d6 6. Be2 Nc6 7. O-O e5 8. d5 Ne7 9. b4 Nh5 10. g3 f5 11. Ng5 Nf6 12. c5 fxe4 13. Ngxe4 Nxe4 14. Nxe4 Bf5 15. Bf3 Qd7 16. Bg5 Rf7 17. Bg2 Raf8 18. Nc3 h6 19. Be3 Bh3 20. Qd2 Bxg2 21. Kxg2 Nf5 22. Ne4 Nd4 23. Qd3 Qf5 24. f4 exf4 25. Rxf4 Qxd5 26. Raf1 Rxf4 27. Rxf4 Rxf4 28. gxf4 dxc5 29. bxc5 c6 30. Kf1 0-1


[Site "https://www.chess.com"]

[Event "Titled Tuesday Blitz May 24 Late 2022"]
[White "Kujawski, Adam"]
[Black "Sibilio, Mario"]
[WhiteFideId "1100920"]
[BlackFideId "800422"]
[WhiteElo "1982"]
[BlackElo "2296"]
[Result "1-0"]
[Round "10"]
[TimeControl "180+1"]
[Date "2022.05.25"]
[WhiteClock "0:00:15"]
[BlackClock "0:00:02"]

1. e4 d6 2. d4 Nf6 3. Nc3 g6 4. h3 a6 5. a4 Nc6 6. Nf3 Bg7 7. Be3 e6 8. Qd2 h6 9. g4 b6 10. Rd1 Bb7 11. Bg2 Nb4 12. Ng1 e5 13. d5 h5 14. f3 hxg4 15. hxg4 Rxh1 16. Bxh1 Nxg4 17. Bg5 Bf6 18. Bxf6 Qxf6 19. fxg4 Qh4+ 20. Kf1 Qxh1 21. Qg5 Nxc2 22. Rd2 Nd4 23. Rf2 a5 24. Qf6 Ba6+ 25. Ke1 Qxg1+ 26. Kd2 Kd7 27. Nb5 1-0


[Site "https://www.chess.com"]

[Event "Titled Tuesday Blitz May 24 Late 2022"]
[White "Larino Nieto, David"]
[Black "Szente Varga, Fruzsina"]
[WhiteFideId "2256444"]
[BlackFideId "712264"]
[WhiteElo "2532"]
[BlackElo "1994"]
[Result "1-0"]
[Round "10"]
[TimeControl "180+1"]
[Date "2022.05.24"]
[WhiteClock "0:00:50"]
[BlackClock "0:00:16"]

1. e4 e5 2. Nf3 Nc6 3. Bb5 a6 4. Bxc6 dxc6 5. O-O f6 6. d4 Bg4 7. dxe5 Qxd1 8. Rxd1 Bxf3 9. gxf3 fxe5 10. f4 Bd6 11. Nd2 Nf6 12. fxe5 Bxe5 13. Nf3 Nd7 14. Rxd7 Kxd7 15. Nxe5+ Ke6 16. Nd3 b6 17. b3 Rhe8 18. f4 g6 19. Kf2 Rf8 20. Kf3 a5 21. a4 Rad8 22. h4 c5 23. Bb2 Rd7 24. Ke3 c6 25. Rg1 Rfd8 26. Rg5 Kf7 27. Ne5+ Ke6 28. Nxd7 Rxd7 29. Rg1 Rd8 30. Ke2 Rf8 31. Be5 Re8 32. Rd1 Rc8 33. Rd6+ Ke7 34. c4 b5 35. h5 bxa4 36. bxa4 gxh5 37. Rh6 Rg8 38. Rxh7+ Ke6 39. Rxh5 Rg2+ 40. Kf3 Rc2 41. Rh6+ Kd7 42. Rd6+ Ke7 43. Rxc6 Rxc4 44. f5 Rxa4 45. Rxc5 Ra3+ 46. Kf4 a4 47. Rc7+ Kd8 48. f6 Ra2 49. Bd6 a3 50. Ke5 Rf2 51. Ra7 a2 52. Ke6 Kc8 53. f7 Rxf7 54. Kxf7 Kd8 55. Ke6 Kc8 56. e5 a1=Q 57. Rxa1 Kb7 1-0


[Site "https://www.chess.com"]

[Event "Titled Tuesday Blitz May 24 Late 2022"]
[White "Levine, David"]
[Black "Kopczynski, Michal"]
[WhiteFideId "2011611"]
[BlackFideId "1124200"]
[WhiteElo "2150"]
[BlackElo "2235"]
[Result "0-1"]
[Round "10"]
[TimeControl "180+1"]
[Date "2022.05.25"]
[WhiteClock "0:01:07"]
[BlackClock "0:01:50"]

1. d4 Nf6 2. c4 g6 3. g3 Bg7 4. Bg2 d6 5. Nf3 O-O 6. O-O Nc6 7. Nc3 e5 8. dxe5 dxe5 9. Bg5 Qe8 10. Nd5 Nxd5 11. cxd5 Nd4 12. Be3 Nxf3+ 13. Bxf3 Qb5 14. Qd2 Bf5 15. g4 e4 16. gxf5 exf3 17. exf3 Rad8 18. Qe2 Qxe2 0-1


[Site "https://www.chess.com"]

[Event "Titled Tuesday Blitz May 24 Late 2022"]
[White "Lutz, Igor Oscar"]
[Black "Curtis, John"]
[WhiteFideId "2110806"]
[BlackFideId "3200256"]
[WhiteElo "1744"]
[BlackElo "2203"]
[Result "0-1"]
[Round "10"]
[TimeControl "180+1"]
[Date "2022.05.25"]
[WhiteClock "0:00:59"]
[BlackClock "0:02:16"]

1. d4 Nf6 2. c4 e6 3. Nf3 Bb4+ 4. Bd2 Qe7 5. g3 O-O 6. Bg2 a5 7. O-O d6 8. Qc2 Bxd2 9. Nbxd2 e5 10. e4 Nc6 11. d5 Nb4 12. Qc3 c5 13. dxc6 Nxc6 14. Rfd1 Bg4 15. h3 Bxf3 16. Bxf3 Nd7 17. Nb3 a4 18. Nc1 Nd4 19. Bg2 Nc5 20. b3 axb3 21. Nxb3 Ne2+ 0-1


[Site "https://www.chess.com"]